 Dungeon Crawl Stone Soup version 0.31-a0-145-g046c7d2549 (webtiles) character file.

Game seed: 4124381353264233114

30656 qw the Marksminotaur (level 13, -2/122 HPs)
             Began as a Minotaur Hunter on June 7, 2023.
             Was a High Priest of Okawaru.
             Slain by a wyvern (11 damage)
             ... on level 3 of the Lair of Beasts.
             The game lasted 00:06:29 (12808 turns).

qw the Marksminotaur (Minotaur Hunter)             Turns: 12808, Time: 00:06:30

Health: -2/122     AC:  9    Str: 16    XL:     13   Next: 21%
Magic:  19/19      EV: 22    Int:  6    God:    Okawaru [*****.]
Gold:   358        SH:  5    Dex: 19    Spells: 12/12 levels left

rFire   . . .        l - +1 orcbow
rCold   . . .        (shield currently unavailable)
rNeg    . . .        j - +0 troll leather armour
rPois   .            (helmet unavailable)
rElec   .            (no cloak)
rCorr   .            (no gloves)
SInv    +            s - +2 pair of boots {Stlth+}
Will    ++...        m - amulet of reflection
Stlth   ++++         k - ring of see invisible
HPRegen 1.20/turn    r - ring of willpower
MPRegen 0.16/turn

%: reflection
@: heroic
A: horns 3, retaliatory headbutt, strong-willed 1, subdued magic 2
a: Renounce Religion, Heroism, Finesse, Duel


You were on level 3 of the Lair of Beasts.
You worshipped Okawaru.
Okawaru was extremely pleased with you.
You visited 2 branches of the dungeon, and saw 14 of its levels.

You collected 885 gold pieces.
You spent 527 gold pieces at shops.


Innate Abilities, Weirdness & Mutations

You have a pair of large horns on your head.
You reflexively headbutt those who attack you in melee.
You are strong-willed. (Will+)
Your spells are easier to cast, but less powerful.


   Skills:
 + Level 13.3(18.3) Fighting
 - Level 16.0(21.0) Ranged Weapons
 - Level 5.1(10.1) Armour
 - Level 10.1(15.1) Dodging
 - Level 0.7(5.7) Stealth
 - Level 10.0 Invocations


You had 12 spell levels left.
You didn't know any spells.
Your spell library was empty.

Inventory:

Hand Weapons
 l - a +1 orcbow (weapon)
 n - a +5 sling of flaming
Armour
 a - the +0 pair of gloves "Mefudion" {Harm rF+}
   (You acquired it on level 1 of the Dungeon)

   rF:        It protects you from fire.
   Harm:      It increases damage dealt and taken.
 j - a +0 troll leather armour (worn)
 s - a +2 pair of boots of stealth (worn)
Jewellery
 h - a +6 ring of strength
 i - the amulet of Vucuomn {Spirit rF+ rN++}
   (You took it off an orc on level 9 of the Dungeon)

   [amulet of guardian spirit]

   It causes incoming damage to be divided between your reserves of health and
   magic.
   rF:        It protects you from fire.
   rN:        It greatly protects you from negative energy.
 k - a ring of see invisible (left hand)
 m - an amulet of reflection (around neck)
 r - a ring of willpower (right hand)
 t - a ring of positive energy
Wands
 u - a wand of digging (6)
Scrolls
 q - a scroll of identify
 v - a scroll of enchant armour
Potions
 b - 5 potions of curing
 c - a potion of cancellation
 e - 4 potions of mutation
 f - a potion of haste {unknown}
 g - 4 potions of resistance
 o - a potion of magic
 p - a potion of might

Dungeon Overview and Level Annotations

Branches:
Dungeon (11/15)            Temple (0/1) D:5            Lair (3/5) D:11
  Snake (0/4) Lair:3          Orc (0/2) D:9
  Swamp: Lair:2-3    Shoals: Lair:2-3

Altars:
Dithmenos
Elyvilon
Fedhas
Okawaru
Qazlal
Ru
Sif Muna
Xom
The Shining One

Shops:
D:5 =(((*   D:7 :   D:10 (

Annotations:
D:8 3 runed translucent doors, qw's ghost, novice GrFi
Lair:2 1 runed translucent door, qw's ghost, journeyman GrFi


Message History

You resist with almost no effort.
A manticore comes into view.
You shoot an arrow. The arrow hits the rime drake!
You kill the rime drake!
Okawaru accepts your kill.
You hear a deafening roar!
The rime drake misses you.
You shoot an arrow. The arrow barely misses the rime drake.
The arrow hits the manticore!
The manticore is moderately wounded.
The ice encasing you melts away.
You hear a deafening roar!
The basilisk closely misses you. The wyvern completely misses you.
You furiously retaliate!
You headbutt the wyvern!
A rime drake comes into view.
The rime drake misses you.
You shoot an arrow. The arrow hits the wyvern!
The wyvern is almost dead.
You hear a bark!
You hear an angry hiss.
The wyvern misses you. You block the basilisk's attack.
The rime drake completely misses you. You furiously retaliate!
You headbutt the rime drake! You shoot an arrow. The arrow hits the wyvern!
You kill the wyvern!
Okawaru accepts your kill. You block the basilisk's attack.
You shoot an arrow. The arrow hits the rime drake.
The rime drake is severely wounded.
The wyvern completely misses you.
The rime drake bites you but does no damage.
You block the wyvern's attack.
You shoot an arrow. The arrow barely misses the rime drake.
You hear an angry hiss.
A hell hound comes into view.
The rime drake barely misses you. You furiously retaliate!
You headbutt the rime drake. The basilisk closely misses you.
You furiously retaliate!
You headbutt the basilisk.
A wyvern comes into view.
The wyvern bites you!
You die...

#..## ## ...#.###..
##..# .......... #...#
.......... ##..#
.......... #..## #
.......... #...# l#
.......... #...#
#h##.#..........
#..#####kk...#..........
#......@lH.........^....
##P##..#l##P...#.#..P##.
#######.# ## #### ## ##


You could see a manticore, a basilisk, 2 rime drakes, a hell hound and 2
wyverns.

Vanquished Creatures
  3 two-headed ogres
  4 boulder beetles
  Urug (Lair:3)
  Amaemon (D:10)
  A manticore (D:11)
  A cyclops (D:11)
  2 black mambas
  An orange demon (D:10)
  5 cane toads
  Maggie (D:8)
  An unseen horror (D:9)
  5 rime drakes (Lair:3)
  Psyche (D:8)
  A kobold demonologist (D:10)
  5 komodo dragons
  4 trolls
  A tyrant leech (Lair:3)
  Prince Ribbit (D:6)
  4 blink frogs (Lair:3)
  2 dream sheep (D:7)
  2 wraiths (D:11)
  Grum (D:8)
  Eustachio (D:5)
  17 wyverns
  3 basilisks
  35 yaks
  2 steam dragons
  5 vampire mosquitoes
  Menkaure (D:5)
  2 nagas (Lair:3)
  An acid dragon (D:9)
  13 water moccasins
  2 ice beasts (D:6)
  2 sky beasts (D:7)
  6 orc warriors
  A black bear (Lair:1)
  3 ogres
  2 wolves (D:8)
  2 centaurs
  3 kobold brigands
  A phantom (D:5)
  10 bullfrogs
  A gnoll sergeant (D:9)
  7 scorpions
  7 wights
  5 spriggan skeletons (D:9)
  A troll skeleton (D:9)
  6 howler monkeys
  4 hounds
  4 jellies
  3 gnoll boudas
  6 orc priests
  2 hell rats (Lair:3)
  10 iguanas
  9 orc wizards
  A sleepcap (D:5)
  13 gnolls
  9 adders
  8 river rats (D:5)
  2 shadow imps
  2 ufetubi (D:6)
  3 worms
  3 dart slugs (D:3)
  41 orcs
  6 bats
  11 endoplasms
  4 giant cockroaches
  5 goblins
  5 hobgoblins
  11 quokkas
  4 ball pythons
  12 kobolds
  17 rats
382 creatures vanquished.

Notes
Turn   | Place    | Note
-------+----------+-------------------------------------------
     0 | D:1      | qw the Minotaur Hunter began the quest for the Orb.
     0 | D:1      | Reached XP level 1. HP: 18/18 MP: 0/0
     0 | D:1      | 0 ||| qw: Version: 0.2-a-117-gc6b5c8b
     0 | D:1      | 0 ||| qw: Game counter: 2464
     0 | D:1      | 0 ||| qw: Always use a shield: true
     0 | D:1      | 0 ||| qw: God list: Okawaru
     0 | D:1      | 0 ||| qw: Allow faded altars: false
     0 | D:1      | 0 ||| qw: Do Orc after D:15 true
     0 | D:1      | 0 ||| qw: Do second Lair branch before Depths: true
     0 | D:1      | 0 ||| qw: Lair rune preference: random
     0 | D:1      | 0 ||| qw: Plans: Normal
     0 | D:1      | 0 ||| PLANNING D:1-11
   206 | D:1      | Reached XP level 2. HP: 25/25 MP: 1/1
   273 | D:1      | Reached skill level 5 in Ranged Weapons
   565 | D:1      | 565 ||| READING scroll labelled VIETIU MAIRR.
   566 | D:1      | 566 ||| READING scroll labelled YPTAHO GAIFRE.
   571 | D:1      | 571 ||| READING scroll labelled YNINEFFEEW.
   672 | D:1      | 672 ||| READING scroll labelled QAOTHR SUPHINNE.
   672 | D:1      | Identified a scroll of acquirement
   672 | D:1      | 672 ||| ACQUIRING +0 pair of gloves "Mefudion" {Harm rF+}
   672 | D:1      | Acquired the +0 pair of gloves "Mefudion" {Harm rF+}
   674 | D:1      | 674 ||| DROPPING scroll of butterflies.
   701 | D:2      | Reached skill level 3 in Fighting
   771 | D:2      | Reached XP level 3. HP: 31/31 MP: 2/2
  1101 | D:2      | 1101 ||| UPGRADING to +0 ring mail.
  1111 | D:2      | 1111 ||| DROPPING +0 leather armour.
  1112 | D:2      | 1112 ||| READING scroll labelled WUOMUL SIWK.
  1113 | D:2      | 1113 ||| READING scroll labelled YREUKHE RONU.
  1128 | D:3      | 1128 ||| PLANNING SEWER
  1188 | D:3      | Reached skill level 1 in Armour
  1193 | D:3      | Found a glowing golden altar of the Shining One.
  1382 | D:3      | Reached skill level 6 in Ranged Weapons
  1382 | D:3      | Reached XP level 4. HP: 38/38 MP: 3/3
  1389 | D:3      | Found an iron altar of Okawaru.
  1549 | D:3      | 1549 ||| FLEEEEING.
  1550 | D:3      | 1550 ||| FLEEEEING.
  1561 | D:3      | 1561 ||| FLEEEEING.
  1563 | D:3      | 1563 ||| STAIRDANCE
  1657 | D:2      | 1657 ||| DRINKING 2 puce potions.
  1658 | D:2      | 1658 ||| DROPPING potion of attraction.
  1663 | D:3      | 1663 ||| STAIRDANCE
  1770 | D:2      | 1770 ||| UPGRADING to +3 leather armour.
  1780 | D:2      | 1780 ||| DROPPING +0 ring mail.
  1781 | D:2      | 1781 ||| READING scroll labelled DEVAGORURU.
  1784 | D:3      | 1784 ||| RIP SEWER
  1785 | D:3      | 1785 ||| PLANNING OKAWARU WORSHIP
  1785 | D:3      | 1785 ||| STAIRDANCE
  1789 | D:3      | 1789 ||| STAIRDANCE
  1793 | D:3      | 1793 ||| STAIRDANCE
  1797 | D:3      | 1797 ||| STAIRDANCE
  1801 | D:3      | 1801 ||| STAIRDANCE
  1853 | D:3      | 1853 ||| STAIRDANCE
  1885 | D:3      | 1885 ||| STAIRDANCE
  1892 | D:2      | Reached XP level 5. HP: 24/46 MP: 4/4
  1985 | D:3      | Became a worshipper of Warmaster Okawaru
  1985 | D:3      | 1985 ||| PLANNING D:1-11
  2089 | D:3      | You fall into a shaft and drop 3 floors!
  2094 | D:6      | Noticed Prince Ribbit
  2114 | D:6      | HP: 2/46 [Prince Ribbit (15)]
  2116 | D:6      | Killed Prince Ribbit
  2117 | D:6      | Reached skill level 7 in Ranged Weapons
  2117 | D:6      | Reached XP level 6. HP: 2/52 MP: 5/5
  2326 | D:6      | Reached skill level 8 in Ranged Weapons
  2383 | D:6      | Reached * piety under Okawaru
  2447 | D:6      | Reached skill level 1 in Invocations
  2447 | D:6      | Reached XP level 7. HP: 61/61 MP: 6/6
  2475 | D:6      | 2475 ||| INVOKING Heroism.
  2489 | D:6      | Reached skill level 3 in Dodging
  2718 | D:6      | Reached skill level 3 in Invocations
  2731 | D:6      | 2731 ||| Stepping ~*~*~tactically~*~*~ (outnumbered).
  2736 | D:6      | 2736 ||| INVOKING Heroism.
  2748 | D:6      | HP: 14/61 [something/magic dart (6)]
  2751 | D:6      | Reached skill level 9 in Ranged Weapons
  2751 | D:6      | Reached XP level 8. HP: 16/68 MP: 7/10
  2768 | D:6      | 2768 ||| INVOKING Heroism.
  2940 | D:6      | 2940 ||| INVOKING Heroism.
  2950 | D:6      | 2950 ||| READING 2 scrolls labelled PUQEODEICIA.
  2951 | D:6      | 2951 ||| DRINKING 2 sedimented green potions.
  2951 | D:6      | Gained mutation: Your spells are a little easier to cast,
                  | but a little less powerful. [potion of mutation]
  2951 | D:6      | Gained mutation: Your spells are easier to cast, but less
                  | powerful. [potion of mutation]
  2951 | D:6      | Gained mutation: You are strong-willed. (Will+) [potion of
                  | mutation]
  2951 | D:6      | Gained mutation: You have a pair of large horns on your
                  | head. [potion of mutation]
  2952 | D:6      | 2952 ||| DRINKING 2 bubbling coppery potions.
  2953 | D:6      | 2953 ||| DROPPING scroll of vulnerability.
  2961 | D:5      | Entered Level 5 of the Dungeon
  2966 | D:5      | Noticed Eustachio
  2975 | D:5      | 2975 ||| INVOKING Heroism.
  2992 | D:5      | Reached skill level 6 in Fighting
  3003 | D:5      | Killed Eustachio
  3065 | D:5      | Found Qinim's Weapon Boutique.
  3071 | D:5      | Found Wusk's Antique Weapon Boutique.
  3082 | D:5      | 3082 ||| BUYING runed sling (144 gold).
  3082 | D:5      | Bought a runed sling for 144 gold pieces
  3082 | D:5      | 3082 ||| SWAPPING to +5 sling of flaming.
  3083 | D:5      | 3083 ||| DROPPING +1 shortbow.
  3347 | D:4      | Reached skill level 10 in Ranged Weapons
  3602 | D:4      | 3602 ||| UPGRADING to amulet of reflection.
  3607 | D:4      | 3607 ||| READING scroll labelled METTAE ELIA.
  3608 | D:4      | 3608 ||| READING scroll labelled TIKURCHI MIJON.
  4046 | D:4      | 4046 ||| FLEEEEING.
  4051 | D:4      | 4051 ||| INVOKING Heroism.
  4053 | D:4      | 4053 ||| Stepping ~*~*~tactically~*~*~ (outnumbered).
  4155 | D:4      | 4155 ||| READING scroll labelled TOEGOE ANEI.
  4181 | D:5      | 4181 ||| INVOKING Heroism.
  4212 | D:5      | 4212 ||| INVOKING Heroism.
  4255 | D:5      | Found Vabel's Jewellery Emporium.
  4262 | D:5      | 4262 ||| SHOPLISTING +4 ring of slaying (1014 gold, have
                  | 117).
  4262 | D:5      | 4262 ||| SHOPLISTING +5 ring of evasion (468 gold, have
                  | 117).
  4262 | D:5      | 4262 ||| SHOPLISTING ring of protection from cold (325
                  | gold, have 117).
  4262 | D:5      | 4262 ||| SHOPLISTING ring of protection from fire (325
                  | gold, have 117).
  4268 | D:5      | Found Raps's Antique Weapon Boutique.
  4278 | D:5      | 4278 ||| BUYING arbalest (117 gold).
  4278 | D:5      | Bought an arbalest for 117 gold pieces
  4278 | D:5      | 4278 ||| SWAPPING to +0 arbalest.
  4330 | D:5      | Reached XP level 9. HP: 64/79 MP: 11/11
  4340 | D:5      | Reached ** piety under Okawaru
  4474 | D:5      | Reached skill level 11 in Ranged Weapons
  4628 | D:5      | Found a sacrificial altar of Ru.
  4677 | D:5      | Found Niebbiub's Assorted Antiques.
  4695 | D:5      | 4695 ||| SHOPLISTING dented bone amulet (140 gold, have
                  | 55).
  4695 | D:5      | 4695 ||| BUYING glowing blue potion (25 gold).
  4695 | D:5      | Bought a glowing blue potion for 25 gold pieces
  4695 | D:5      | 4695 ||| BUYING gluggy clear potion (25 gold).
  4695 | D:5      | Bought a gluggy clear potion for 25 gold pieces
  4695 | D:5      | 4695 ||| SHOPLISTING scroll of identify (56 gold, have 5).
  4916 | D:5      | Noticed Menkaure
  4917 | D:5      | 4917 ||| INVOKING Heroism.
  4918 | D:5      | Killed Menkaure
  5021 | D:5      | Found a staircase to the Ecumenical Temple.
  5144 | D:5      | 5144 ||| DROPPING amulet of magic regeneration.
  5145 | D:5      | 5145 ||| UPGRADING to ring of see invisible.
  5146 | D:5      | 5146 ||| UPGRADING to ring of positive energy.
  5147 | D:5      | 5147 ||| READING scroll labelled ORUEWUACIPT.
  5148 | D:5      | 5148 ||| READING 3 scrolls of identify.
  5148 | D:5      | 5148 ||| IDENTIFYING amethyst potion
  5149 | D:5      | 5149 ||| READING 2 scrolls of identify.
  5149 | D:5      | 5149 ||| IDENTIFYING golden potion
  5151 | D:5      | 5151 ||| Stepping ~*~*~tactically~*~*~ (cloud).
  5299 | D:6      | Found a shimmering altar of Xom.
  5300 | D:6      | 5300 ||| INVOKING Heroism.
  5482 | D:6      | Found a shadowy altar of Dithmenos.
  5599 | D:6      | 5599 ||| INVOKING Heroism.
  5620 | D:6      | Reached skill level 12 in Ranged Weapons
  5650 | D:6      | 5650 ||| UPGRADING to +6 ring of strength.
  5652 | D:6      | 5652 ||| READING scroll labelled QELAUG BEMOTH.
  5767 | D:6      | 5767 ||| DRINKING 2 clear potions.
  5768 | D:6      | 5768 ||| DRINKING 4 potions of curing.
  5768 | D:6      | 5768 ||| (to cure confusion)
  5769 | D:6      | 5769 ||| DRINKING 2 glowing blue potions.
  5797 | D:6      | 5797 ||| DROPPING potion of ambrosia.
  5798 | D:6      | 5798 ||| DROPPING potion of lignification.
  5983 | D:7      | 5983 ||| INVOKING Heroism.
  5990 | D:7      | Reached skill level 6 in Dodging
  5991 | D:7      | 5991 ||| Stepping ~*~*~tactically~*~*~ (cloud).
  6023 | D:7      | Found Sonid's Book Emporium.
  6139 | D:7      | Found a stormy altar of Qazlal.
  6286 | D:7      | Reached XP level 10. HP: 88/88 MP: 12/12
  6297 | D:7      | 6297 ||| INVOKING Heroism.
  6417 | D:7      | 6417 ||| INVOKING Heroism.
  6563 | D:7      | 6563 ||| UPGRADING to ring of willpower.
  6565 | D:7      | 6565 ||| READING scroll labelled ABAOFFE ZIOSCH.
  6566 | D:7      | 6566 ||| READING scroll labelled HUFOFRY HENAPT.
  6638 | D:8      | Noticed Grum
  6639 | D:8      | 6639 ||| INVOKING Heroism.
  6644 | D:8      | Reached skill level 13 in Ranged Weapons
  6647 | D:8      | Killed Grum
  6727 | D:8      | Noticed Psyche
  6728 | D:8      | 6728 ||| INVOKING Heroism.
  6732 | D:8      | Killed Psyche
  6733 | D:8      | Reached skill level 9 in Fighting
  6866 | D:8      | 6866 ||| INVOKING Heroism.
  6971 | D:8      | Noticed Maggie
  6978 | D:8      | Killed Maggie
  7028 | D:8      | Found a white marble altar of Elyvilon.
  7119 | D:8      | Found a runed translucent gate.
  7119 | D:8      | Found a runed translucent gate.
  7119 | D:8      | Found a runed translucent gate.
  7124 | D:8      | Noticed qw's ghost (novice GrFi)
  7395 | D:8      | 7395 ||| DRINKING 2 bubbling yellow potions.
  7396 | D:8      | 7396 ||| READING 2 scrolls of identify.
  7396 | D:8      | 7396 ||| IDENTIFYING cyan potion
  7397 | D:8      | 7397 ||| DROPPING potion of invisibility.
  7398 | D:8      | 7398 ||| DROPPING potion of degeneration.
  7473 | D:9      | 7473 ||| INVOKING Heroism.
  7603 | D:9      | Reached *** piety under Okawaru
  7604 | D:9      | Reached skill level 14 in Ranged Weapons
  7670 | D:9      | 7670 ||| INVOKING Heroism.
  7702 | D:9      | Noticed a two-headed ogre
  7703 | D:9      | 7703 ||| INVOKING Heroism.
  7707 | D:9      | Killed a two-headed ogre
  7753 | D:9      | 7753 ||| INVOKING Heroism.
  7771 | D:9      | 7771 ||| INVOKING Heroism.
  7771 | D:9      | HP: 17/93 [orc warrior/+0 glaive (9)]
  7772 | D:9      | 7772 ||| READING 5 scrolls of teleportation.
  7773 | D:9      | 7773 ||| DRINKING 4 potions of heal wounds.
  8000 | D:9      | 8000 ||| INVOKING Heroism.
  8025 | D:9      | 8025 ||| UPGRADING to +0 troll leather armour.
  8027 | D:9      | 8027 ||| INVOKING Heroism.
  8041 | D:9      | Reached XP level 11. HP: 85/99 MP: 11/13
  8080 | D:9      | 8080 ||| UPGRADING to +0 troll leather armour.
  8090 | D:9      | 8090 ||| DROPPING +3 leather armour.
  8112 | D:9      | Identified the amulet of Vucuomn {Spirit rF+ rN++}
  8130 | D:9      | Found a staircase to the Orcish Mines.
  8178 | D:9      | 8178 ||| INVOKING Heroism.
  8263 | D:9      | 8263 ||| SWAPPING to +0 orcbow.
  8266 | D:9      | 8266 ||| DROPPING +0 arbalest.
  8483 | D:10     | Entered Level 10 of the Dungeon
  8511 | D:10     | Found a shimmering blue altar of Sif Muna.
  8787 | D:10     | Noticed a soul eater
  8798 | D:10     | Found a blossoming altar of Fedhas.
  8861 | D:10     | Found Udutz's Antique Weapon Boutique.
  8866 | D:10     | 8866 ||| BUYING runed shortbow (216 gold).
  8866 | D:10     | Bought a runed shortbow for 216 gold pieces
  8866 | D:10     | 8866 ||| DROPPING +2 heavy shortbow.
  8872 | D:10     | 8872 ||| INVOKING Heroism.
  8921 | D:10     | Reached skill level 15 in Ranged Weapons
  8922 | D:10     | Noticed Amaemon
  8923 | D:10     | 8923 ||| INVOKING Heroism.
  8932 | D:10     | Killed Amaemon
  8984 | D:10     | 8984 ||| INVOKING Heroism.
  9088 | D:10     | Reached **** piety under Okawaru
  9093 | D:10     | 9093 ||| INVOKING Heroism.
  9097 | D:10     | Reached skill level 16 in Ranged Weapons
  9286 | D:10     | 9286 ||| READING 2 scrolls of identify.
  9286 | D:10     | 9286 ||| IDENTIFYING inky potion
  9389 | D:11     | Reached skill level 3 in Armour
  9389 | D:11     | 9389 ||| INVOKING Heroism.
  9430 | D:11     | Found a staircase to the Lair.
  9452 | D:11     | Noticed a two-headed ogre
  9453 | D:11     | 9453 ||| INVOKING Heroism.
  9566 | D:11     | 9566 ||| FLEEEEING.
  9567 | D:11     | 9567 ||| FLEEEEING.
  9568 | D:11     | 9568 ||| FLEEEEING.
  9570 | D:11     | Noticed a boulder beetle
  9571 | D:11     | 9571 ||| INVOKING Heroism.
  9586 | D:11     | HP: 14/101 [boulder beetle (13)]
  9587 | D:11     | 9587 ||| READING 4 scrolls of teleportation.
  9588 | D:11     | 9588 ||| DRINKING 3 potions of heal wounds.
  9677 | D:11     | 9677 ||| INVOKING Heroism.
  9714 | D:11     | 9714 ||| INVOKING Heroism.
  9721 | D:11     | Noticed a two-headed ogre
  9728 | D:11     | Killed a two-headed ogre
  9729 | D:11     | Reached skill level 6 in Invocations
  9739 | D:11     | Killed a two-headed ogre
  9740 | D:11     | Reached XP level 12. HP: 49/110 MP: 15/15
  9745 | D:11     | 9745 ||| INVOKING Heroism.
  9767 | D:11     | HP: 20/110 [boulder beetle (19)]
  9768 | D:11     | 9768 ||| READING 3 scrolls of teleportation.
  9769 | D:11     | 9769 ||| DRINKING 2 potions of heal wounds.
 10122 | D:11     | 10122 ||| INVOKING Heroism.
 10140 | D:11     | Killed a boulder beetle
 10206 | D:11     | 10206 ||| PLANNING LAIR
 10206 | D:11     | 10206 ||| UPGRADING to +2 pair of boots of stealth.
 10211 | D:11     | 10211 ||| DRINKING 3 lumpy green potions.
 10212 | D:11     | 10212 ||| READING 2 scrolls of identify.
 10212 | D:11     | 10212 ||| IDENTIFYING gluggy clear potion
 10213 | D:11     | 10213 ||| DROPPING 2 potions of brilliance.
 10249 | Lair:1   | Entered Level 1 of the Lair of Beasts
 10262 | Lair:1   | 10262 ||| INVOKING Heroism.
 10308 | Lair:1   | 10308 ||| INVOKING Heroism.
 10383 | Lair:1   | 10383 ||| INVOKING Heroism.
 10397 | Lair:1   | Reached skill level 9 in Dodging
 11056 | Lair:2   | 11056 ||| INVOKING Heroism.
 11313 | Lair:2   | Found a runed translucent door.
 11372 | Lair:2   | 11372 ||| READING scroll of enchant weapon.
 11372 | Lair:2   | 11372 ||| ENCHANTING +0 orcbow.
 11479 | Lair:2   | Noticed qw's ghost (journeyman GrFi)
 11736 | Lair:3   | 11736 ||| STAIRDANCE
 11855 | Lair:3   | 11855 ||| INVOKING Heroism.
 11880 | Lair:3   | 11880 ||| INVOKING Heroism.
 11886 | Lair:3   | Reached skill level 12 in Fighting
 11902 | Lair:3   | HP: 17/112 [tyrant leech (17)]
 11903 | Lair:3   | 11903 ||| READING 3 scrolls of teleportation.
 11904 | Lair:3   | 11904 ||| DRINKING 2 potions of heal wounds.
 11919 | Lair:3   | HP: 26/112 [electric eel/bolt of electricity (8)]
 11920 | Lair:3   | 11920 ||| READING 2 scrolls of teleportation.
 11921 | Lair:3   | 11921 ||| DRINKING potion of heal wounds.
 11926 | Lair:3   | Noticed a boulder beetle
 11937 | Lair:3   | Killed a boulder beetle
 11938 | Lair:3   | Reached skill level 9 in Invocations
 12013 | Lair:3   | Noticed a boulder beetle
 12014 | Lair:3   | 12014 ||| INVOKING Heroism.
 12048 | Lair:3   | Killed a boulder beetle
 12151 | Lair:3   | 12151 ||| Stepping ~*~*~tactically~*~*~ (outnumbered).
 12162 | Lair:3   | 12162 ||| FLEEEEING.
 12173 | Lair:3   | Noticed a boulder beetle
 12174 | Lair:3   | 12174 ||| INVOKING Heroism.
 12184 | Lair:3   | Killed a boulder beetle
 12245 | Lair:3   | Found a staircase to the Snake Pit.
 12253 | Lair:3   | Reached ***** piety under Okawaru
 12303 | Lair:3   | 12303 ||| Stepping ~*~*~tactically~*~*~ (water).
 12329 | Lair:3   | Noticed Urug
 12330 | Lair:3   | 12330 ||| INVOKING Heroism.
 12331 | Lair:3   | 12331 ||| INVOKING Finesse.
 12345 | Lair:3   | Killed Urug
 12414 | Lair:3   | 12414 ||| INVOKING Heroism.
 12418 | Lair:3   | Reached XP level 13. HP: 119/119 MP: 16/19
 12458 | Lair:3   | HP: 25/119 [blink frog (10)]
 12459 | Lair:3   | 12459 ||| READING scroll of teleportation.
 12772 | Lair:3   | Received a gift from Okawaru
 12777 | Lair:3   | 12777 ||| INVOKING Heroism.
 12790 | Lair:3   | HP: 23/122 [rime drake/icy flash freeze (14)]
 12798 | Lair:3   | HP: 8/122 [rime drake/icy flash freeze (11)]
 12799 | Lair:3   | HP: 1/122 [basilisk (7)]
 12808 | Lair:3   | Slain by a wyvern

Levels and vault maps discovered:
D:1:      dpeg_arrival_prison, layout_rooms
D:2:      layout_rooms
D:3:      layout_loops_ring, old_standard_altar, mainiacjoe_overflow_24_doors,
          gup_sewer_entry_glass
D:4:      layout_basic, minmay_diced_spiral
D:5:      lemuel_ratsnest, layout_gridville, nicolae_ru_sacrificial_ziggurat,
          minmay_temple_entry_glassed_door, serial_shops,
          nicolae_shop_bloodbath_and_beyond, nicolae_stop_n_shop_2,
          nicolae_shop_stone, nicolae_shop_tiny_waterfront,
          nicolae_shop_tiny_statue_garden, chequers_jeans, minivault_5,
          uniq_menkaure, uniq_eustachio
D:6:      minmay_thinvault, layout_rooms,
          nicolae_dithmenos_through_a_glass_darkly,
          mainiacjoe_overflow_surrounded_room, uniq_prince_ribbit1
D:7:      layout_loops_ring, nicolae_qazlal_beasts_of_the_sky, serial_shops,
          nicolae_book_shop_shelving, dreamdust_gnoll_shepherd
D:8:      layout_loops_ring, mainiacjoe_overflow_chevrons,
          gammafunk_ghost_necromancy, minmay_misc_feat_rugged, uniq_grum,
          uniq_psyche, uniq_maggie
D:9:      layout_rooms, erik_orc_2, hangedman_tell_no_tales
D:10:     layout_loops_ring, nicolae_sif_muna_condensation, fedhas_altar_1,
          serial_shops, nicolae_shop_tiny_real_fake_doors, uniq_amaemon
D:11:     layout_roguey, minmay_lair_entry_grove, blue_anna_alchemist
Lair:1:   layout_long_grid, grunt_megastairs_2
Lair:2:   layout_long_grid, ebering_ghost_reflecting_pool, serial_bayou_shore_a
Lair:3:   layout_small_grid, minmay_swamp_entry_worms,
          guppyfry_snake_entry_island, special_room [special_room_mythical_zoo],
          grunt_megastairs_5, infiniplex_staircase_pool, uniq_urug

Skill      XL: |  1  2  3  4  5  6  7  8  9 10 11 12 13 |
---------------+----------------------------------------+-----
Ranged Weapons | 5 6 7 8 9 10 12 14 16 | 16.0
Fighting       | 3 4 5 7 8 10 11 12 13 | 13.3
Armour         | 1 2 3 4 5 |  5.1
Invocations    | 1 4 6 9 10 | 10.0
Dodging        | 3 4 6 7 8 10 | 10.1
Stealth        | |  0.7

Action                     |  1- 3 |  4- 6 |  7- 9 | 10-12 | 13-15 || total
---------------------------+-------+-------+-------+-------+-------++-------
   Fire: Shortbow          |   113 |    97 |   127 |       |       ||   337
         Sling             |       |       |    80 |       |       ||    80
         Arbalest          |       |       |   148 |   206 |       ||   354
         Orcbow            |       |       |       |   704 |    96 ||   800
 Invoke: Heroism           |       |       |    12 |    34 |     1 ||    47
         Finesse           |       |       |       |     1 |       ||     1
    Use: Scroll            |     6 |     1 |     8 |    11 |     1 ||    27
         Potion            |       |     1 |     5 |     7 |       ||    13
 Armour: Leather armour    |     2 |     5 |    39 |     8 |       ||    54
         Ring mail         |     2 |     3 |       |       |       ||     5
         Troll leather arm |       |       |       |    36 |    11 ||    47
  Dodge: Dodged            |    11 |    38 |   106 |   220 |   112 ||   487
  Block: Other             |       |       |    24 |    61 |    33 ||   118

Table legend:
 A = Non-vault XP
 B = Vault XP
 C = Vault XP percentage of total XP
 D = Non-vault monster count
 E = Vault monster count
 F = Vault count percentage of total count
                 A         B        C        D         E       F
            +---------+---------+-------+---------+---------+-------
      Total |   29977 |   13818 |  31.6 |     251 |     131 |  34.3
            +---------+---------+-------+---------+---------+-------
        D:1 |      22 |       3 |  12.0 |      14 |       2 |  12.5
        D:2 |     117 |       0 |   0.0 |       9 |       0 |   0.0
        D:3 |     104 |       0 |   0.0 |      29 |       0 |   0.0
        D:4 |     252 |      19 |   7.0 |      20 |       7 |  25.9
        D:5 |     818 |     768 |  48.4 |      20 |      32 |  61.5
        D:6 |    1087 |     991 |  47.7 |      21 |      15 |  41.7
        D:7 |    1242 |     669 |  35.0 |      15 |       4 |  21.1
        D:8 |     379 |    1205 |  76.1 |      13 |       5 |  27.8
        D:9 |    3046 |    1556 |  33.8 |      22 |      28 |  56.0
       D:10 |    3236 |    1180 |  26.7 |      22 |       2 |   8.3
       D:11 |    5882 |    2062 |  26.0 |      15 |      13 |  46.4
     Lair:1 |    2436 |     626 |  20.4 |      11 |       4 |  26.7
     Lair:2 |    1890 |       0 |   0.0 |       6 |       0 |   0.0
     Lair:3 |    9466 |    4739 |  33.4 |      34 |      19 |  35.8
            +---------+---------+-------+---------+---------+-------
